 Dungeon Crawl Stone Soup version 0.21-a0-264-g3e31e41 (webtiles) character file.

17 zane53102 the Twirler (level 2, 0/36 HPs)
             Began as a Demigod Gladiator on Sept 8, 2017.
             Succumbed to an adder's poison
             ... on level 2 of the Dungeon.
             The game lasted 00:03:56 (2080 turns).

zane53102 the Twirler (Demigod Gladiator)           Turns: 2080, Time: 00:03:57

Health: 0/36       AC: 21    Str: 14 (17) XL:     2   Next: 30%
Magic:  4/4        EV:  2    Int: 16 (17) God:
Gold:   0          SH:  0    Dex: 14 (17) Spells: 1/1 levels left

rFire    . . .     SeeInvis .   j - +0 dagger
rCold    . . .     Gourm    .   (no shield)
rNeg     + + +     Faith    .   (armour currently unavailable)
rPois    +         Spirit   .   (helmet currently unavailable)
rElec    .         Reflect  .   (cloak currently unavailable)
rCorr    .         Harm     .   (gloves currently unavailable)
MR       .....     NoTele   +   (boots currently unavailable)
Stlth    +.........             (no amulet)
HPRegen  0.12/turn              (no ring)
MPRegen  0.09/turn              (no ring)

@: brilliant, lethally poisoned (0 -> -11), tree-form
A: high mp 1
a: no special abilities


You were on level 2 of the Dungeon.
You were not hungry.
You were a tree.
You visited 1 branch of the dungeon, and saw 2 of its levels.

Inventory:

Hand Weapons
 a - a +0 quarterstaff
 h - a +0 short sword
 i - a +0 club {armor}
 j - a +0 dagger (weapon)
 m - a +0 short sword
Missiles
 d - 3 throwing nets (quivered)
 e - 3 needles of confusion
Armour
 b - a +0 leather armour (melded)
 c - a +0 helmet (melded)
 l - a +0 chain mail
Potions
 g - a potion of heal wounds {unknown}


   Skills:
 + Level 1.8 Fighting
 + Level 3.0 Staves
 + Level 1.9 Throwing
 + Level 0.1 Armour
 + Level 3.0 Dodging
 + Level 0.2 Stealth


You had one spell level left.
You didn't know any spells.

Dungeon Overview and Level Annotations

Branches:
Dungeon (2/15)


Innate Abilities, Weirdness & Mutations

You have an increased reservoir of magic. (+10% MP)


Message History

* * * LOW HITPOINT WARNING * * *
You are more poisoned.
The adder poisons you!
You aren't carrying any spellbooks or scrolls.
It was a potion of degeneration.
There was something very wrong with that liquid.
You feel weakened.
You feel dopey.
You feel clumsy.
* * * LOW HITPOINT WARNING * * *
You feel sick. The adder barely misses you. x2
It was a potion of brilliance.
You feel clever all of a sudden.
* * * LOW HITPOINT WARNING * * *
You feel sick. The adder barely misses you.
There is a lethal amount of poison in your body!
There is a lethal amount of poison in your body!
It was a potion of lignification.
You turn into a tree.
Your +0 helmet melds into your body.
Your +0 leather armour melds into your body.
Your roots penetrate the ground.
You die...

##.## ##...## ##.....##
#....... ###
#.....############ ..#
#....#..........#
..###.###.#............#
.......S#...#.#........#
.......♣...##.#........#
.........#..$.##.......#
..###.###.##..##.>.....#
..# ####...........# ###
#.##......###
#.##.####.#
#......##.###
####.#.##.... #.#.......


You could see an adder.

Vanquished Creatures
  A dart slug (D:1)
  A giant cockroach (D:2)
  3 goblins (D:1)
  A hobgoblin (D:2)
  2 jackals (D:1)
  2 bats (D:1)
  2 frilled lizards (D:1)
  A kobold (D:2)
  A rat (D:2)
14 creatures vanquished.

Notes
Turn   | Place    | Note
-------+----------+-------------------------------------------
     0 | D:1      | zane53102 the Demigod Gladiator began the quest for the Orb.
     0 | D:1      | Reached XP level 1. HP: 17/17 MP: 3/3
  1679 | D:1      | Reached XP level 2. HP: 24/24 MP: 4/4
  2079 | D:2      | HP: 1/24 [poisoned by an adder]
  2080 | D:2      | Succumbed to an adder's poison

Vault maps used:
D:1:      elethiomel_arrival_infinity_welcomes_careful_drivers
D:2:      gammafunk_temple_overflow_statue, first_bread

Skill      XL: |  1  2 |
---------------+-------+-----
Dodging        | 3 |  3.0
Staves         | 3 |  3.0
Fighting       | |  1.8
Throwing       | |  1.9
Armour         | |  0.1
Stealth        | |  0.2

Action                   || total
-------------------------++-------
Melee: Quarterstaff      ||    42
       Club              ||    14
       Dagger            ||    12
  Use: Potion            ||     3
  Eat: Bread ration      ||     1
Armor: Leather armour    ||    28
Dodge: Dodged            ||    78

Table legend:
 A = Spawn XP
 B = Non-spawn XP
 C = Spawn XP percentage of total XP
 D = Spawn monster count
 E = Non-spawn monster count
 F = Spawn count percentage of total count
 G = Total turns spent on level
                    A         B        C        D         E        F      G
               +---------+---------+-------+---------+---------+-------+---------
         Total |       0 |      25 |   0.0 |       0 |      14 |   0.0 |  2080
               +---------+---------+-------+---------+---------+-------+---------
           D:1 |       0 |      19 |   0.0 |       0 |      10 |   0.0 |  1811
           D:2 |       0 |       6 |   0.0 |       0 |       4 |   0.0 |   269
               +---------+---------+-------+---------+---------+-------+---------
